 Dungeon Crawl Stone Soup version 0.26.1-2-gb8aa6d0cf2 (webtiles) character file.

Game seed: 1715180427818748935

12089 promet the Carver (level 11, -1/62 HPs)
             Began as a Vine Stalker Fighter on Feb 16, 2021.
             Was a Priest of Uskayaw.
             Slain by an ice beast (2 damage)
             ... on level 10 of the Dungeon.
             The game lasted 01:12:55 (11245 turns).

promet the Carver (Vine Stalker Fighter)           Turns: 11245, Time: 01:13:01

Health: -1/62      AC: 12    Str: 20    XL:     11   Next: 87%
Magic:  0/12       EV:  9    Int: 14    God:    Uskayaw [***...]
Gold:   483        SH:  0    Dex: 16    Spells: 10/10 levels left

rFire    . . .     SeeInvis .   a - +4 long sword
rCold    . . .     Faith    +   (no shield)
rNeg     . . .     Spirit   +   j - +2 chain mail
rPois    .         Reflect  .   (no helmet)
rElec    .         Harm     .   (no cloak)
rCorr    .         Rampage  .   (no gloves)
Will     +....                  (no boots)
Stlth    ..........             L - amulet of faith
HPRegen  0.60/turn              d - +6 ring of intelligence
MPRegen  0.13/turn              P - ring of wizardry

@: very slightly contaminated, studying Necromancy, invisible
A: fangs 3, regeneration 1, magic shield, antimagic bite, no potion heal 3
a: Renounce Religion, Stomp, Line Pass


You were on level 10 of the Dungeon.
You worshipped Uskayaw.
Uskayaw was noncommittal.
You visited 3 branches of the dungeon, and saw 12 of its levels.
You also visited: Ossuary.

You collected 579 gold pieces.
You spent 96 gold pieces at shops.

Inventory:

Hand Weapons
 a - a +4 long sword (weapon)
 b - a +0 hunting sling
 x - a +1 dagger of protection
 A - a +1 war axe of freezing
 N - the +7 mace of Variability {chain chaos}
   (You found it on level 9 of the Dungeon)

   Each time it hits an enemy it has a different, random effect.
Missiles
 h - 76 bolts
 l - 294 stones
 p - 204 arrows
 q - 98 sling bullets
 r - 10 poisoned darts
 u - 9 curare-tipped darts
 M - 7 boomerangs (quivered)
Armour
 c - a +1 kite shield
 j - a +2 chain mail (worn)
Jewellery
 d - a +6 ring of intelligence (left hand)
 m - an uncursed ring of fire
 o - an uncursed ring of flight
 G - an uncursed ring of see invisible
 L - an amulet of faith (around neck)
 P - a ring of wizardry (right hand)
 Q - an uncursed ring of fire
Wands
 y - a wand of digging (5)
 D - a wand of acid (6)
 F - a wand of random effects (19)
Scrolls
 f - 5 scrolls of teleportation
 i - 8 scrolls of remove curse
 s - 2 scrolls of amnesia
 v - a scroll of enchant armour
 B - 3 scrolls of identify
 J - a scroll of brand weapon {unknown}
Potions
 e - 4 potions of haste
 g - 5 potions of curing
 k - a potion of attraction
 n - a potion of brilliance
 t - 4 potions of flight
 z - 2 potions of lignification
 C - a potion of might
 H - a potion of heal wounds
 K - 2 potions of cancellation
 O - a potion of mutation {unknown}
Books
 E - a manual of Necromancy


   Skills:
 * Level 9.0 Fighting
 + Level 10.0 Long Blades
 + Level 0.5(1.3) Axes
 * Level 1.6(1.7) Maces & Flails
 + Level 0.4(0.7) Polearms
 + Level 0.1(1.3) Slings
 + Level 2.2 Throwing
 + Level 6.9 Armour
 + Level 1.8 Dodging
 + Level 3.9 Stealth
 + Level 7.4 Shields


You had 10 spell levels left.
You didn't know any spells.
Your spell library was empty.

Dungeon Overview and Level Annotations

Branches:
Dungeon (10/15)            Temple (1/1) D:4            Lair (1/6) D:8
    Orc (0/2) D:9         Ossuary (visited)

Altars:
Ashenzari
Cheibriados
Dithmenos
Elyvilon
Fedhas
Gozag
Hepliaklqana
Kikubaaqudgha
Makhleb
Nemelex Xobeh
Okawaru
Qazlal
Ru
Sif Muna
Trog
Uskayaw
Vehumet
Wu Jian
Xom
Yredelemnul
Zin
The Shining One

Shops:
D:5 !   D:7 *   D:10 =

Annotations:
D:9 1 runed translucent door, Zdeegee's ghost, novice OgFE
D:10 Erolcha; Psyche


Innate Abilities, Weirdness & Mutations

You have razor-sharp teeth.
Your natural rate of healing is unusually fast.
When hurt, damage is shared between your health and your magic reserves.
Your bite disrupts and absorbs the magic of your enemies.
Potions cannot restore your health.


Message History

The bullfrog closely misses you.
You riposte.
You catch the helpless bullfrog completely off-guard!
You slash the bullfrog! You bite the bullfrog!
You kill the bullfrog!
Uskayaw will force your foes to helplessly watch your dance.
Uskayaw prepares the audience for your solo!
The helpless Erolcha fails to defend herself.
You hit Erolcha but do no damage. You bite Erolcha.
Erolcha's magic leaks into the air.
You drain her magic.
You feel invigorated.
Erolcha is heavily wounded.
Erolcha is no longer paralysed.
The spectral weapon is no longer paralysed.
Erolcha hits you with a +3 spectral giant club!
You hit Erolcha. Your bite misses Erolcha.
Erolcha is heavily wounded.
The kobold is no longer paralysed.
The ice beast is no longer paralysed.
The spectral weapon hits you!!
* * * LOW HITPOINT WARNING * * *
The ice beast hits you.
You die...

................
................
..@.......≈.....
.........≈≈≈....
...≈...(..≈.....
..≈≈≈...........
...≈..{§§§§.....
........§(O§§.....
.........KY@§§...≈.
.........§§§§§..≈≈≈
.........§§§§§...≈.
.............$.....
......≈............
.....≈≈≈...........
#.....≈......≈.....
#...........≈≈≈....
#...........$≈.....


You could see Erolcha, an ice beast, a +3 spectral giant club (summoned) and a
kobold.

Vanquished Creatures
  Sonja (D:10)
  A cane toad (Lair:1)
  A komodo dragon (Lair:1)
  A troll (D:9)
  27 yaks
  A steam dragon (D:7)
  2 wraiths (Ossuary)
  2 chaos spawn (D:9)
  4 water moccasins
  4 sky beasts
  3 orc warriors
  3 phantoms
  An ice beast (D:5)
  A hornet zombie (D:8)
  A necrophage (D:6)
  8 wolves (Lair:1)
  5 centaurs
  8 ogres
  A big kobold (D:7)
  10 bullfrogs
  3 scorpions
  2 wights (Ossuary)
  6 killer bees (D:7)
  3 howler monkeys (D:9)
  A bullfrog zombie (D:8)
  2 centaur zombies (D:6)
  A quasit (D:5)
  7 orc priests
  A hound (D:5)
  4 jellies
  A bullfrog skeleton (D:9)
  2 centaur skeletons
  5 iguanas
  Terence (D:2)
  14 orc wizards
  7 worker ants
  A hound zombie (D:6)
  4 gnolls (D:4)
  7 adders
  4 shadow imps
  4 white imps
  4 ufetubi
  2 oozes (D:2)
  An adder zombie (Ossuary)
  2 adder skeletons
  2 worms
  A dart slug (D:4)
  7 leopard geckos
  26 orcs
  6 bats
  8 giant cockroaches
  12 goblins
  7 hobgoblins
  13 jackals
  4 quokkas
  3 ball pythons
  2 ball python skeletons (Ossuary)
  2 frilled lizards (D:1)
  A goblin zombie (D:7)
  4 hobgoblin zombies (Ossuary)
  A jackal skeleton (D:5)
  12 kobolds
  A leopard gecko skeleton (D:5)
  2 orc skeletons (Ossuary)
  An orc zombie (Ossuary)
  10 rats
  A rat zombie (D:7)
300 creatures vanquished.

Vanquished Creatures (others)
  A bullfrog skeleton (D:8)
  11 fungi
  13 plants
25 creatures vanquished.

Grand Total: 325 creatures vanquished

Notes
Turn   | Place    | Note
-------+----------+-------------------------------------------
     0 | D:1      | promet the Vine Stalker Fighter began the quest for the
                  | Orb.
     0 | D:1      | Reached XP level 1. HP: 11/11 MP: 2/2
   107 | D:1      | Reached XP level 2. HP: 16/16 MP: 3/3
   531 | D:1      | Reached XP level 3. HP: 19/20 MP: 4/4
   955 | D:2      | Found a sacrificial altar of Ru.
   961 | D:2      | Gained mutation: Your natural rate of healing is unusually
                  | fast. [Vine Stalker growth]
   961 | D:2      | Reached XP level 4. HP: 25/25 MP: 5/5
  1121 | D:2      | Reached skill level 2 in Long Blades
  1277 | D:2      | Reached XP level 5. HP: 27/29 MP: 4/6
  1429 | D:2      | Noticed Terence
  1443 | D:2      | Killed Terence
  1713 | D:3      | Reached skill level 3 in Long Blades
  1713 | D:3      | Reached XP level 6. HP: 9/33 MP: 3/7
  2625 | D:3      | Reached skill level 4 in Long Blades
  2625 | D:3      | Reached XP level 7. HP: 10/38 MP: 3/8
  2977 | D:4      | Found a staircase to the Ecumenical Temple.
  3073 | Temple   | Entered the Ecumenical Temple
  3097 | Temple   | Became a worshipper of Uskayaw the Reveller
  3135 | D:4      | Reached * piety under Uskayaw
  3138 | D:4      | Reached ** piety under Uskayaw
  3464 | D:5      | Entered Level 5 of the Dungeon
  3509 | D:4      | Gained mutation: You have razor-sharp teeth. [Vine Stalker
                  | growth]
  3509 | D:4      | Reached XP level 8. HP: 20/42 MP: 9/9
  3636 | D:5      | Reached skill level 1 in Throwing
  3696 | D:5      | Reached *** piety under Uskayaw
  3697 | D:5      | Reached **** piety under Uskayaw
  3785 | D:5      | Reached skill level 5 in Fighting
  3785 | D:5      | Reached skill level 5 in Long Blades
  3969 | D:5      | Reached skill level 1 in Dodging
  4285 | D:5      | Found a shimmering blue altar of Sif Muna.
  4530 | D:5      | Found Fiaceuc's Distillery.
  4540 | D:5      | Bought a potion of invisibility for 96 gold pieces
  4615 | D:6      | Reached skill level 5 in Shields
  4618 | D:6      | Reached skill level 6 in Long Blades
  5112 | D:6      | Reached skill level 1 in Stealth
  5112 | D:6      | Reached XP level 9. HP: 48/48 MP: 10/10
  5861 | D:7      | Found a sand-covered staircase.
  5889 | Ossuary  | Entered an ossuary
  6499 | D:7      | Reached skill level 7 in Long Blades
  6902 | D:7      | Found Opseah's General Store.
  7099 | D:7      | Reached ***** piety under Uskayaw
  7444 | D:7      | Reached XP level 10. HP: 27/55 MP: 6/11
  7882 | D:8      | Reached skill level 8 in Long Blades
  7941 | D:8      | Reached skill level 5 in Armour
  8175 | D:8      | Found a white marble altar of Elyvilon.
  8471 | D:8      | Found a staircase to the Lair.
  8496 | Lair:1   | Entered Level 1 of the Lair of Beasts
  8886 | Lair:1   | Reached skill level 9 in Long Blades
  9009 | Lair:1   | Reached XP level 11. HP: 22/60 MP: 12/12
  9121 | Lair:1   | Reached ****** piety under Uskayaw
  9399 | Lair:1   | Noticed a catoblepas
  9780 | D:9      | Found a burning altar of Makhleb.
 10128 | D:9      | Found a broken altar of Ashenzari.
 10130 | D:9      | Found an iron altar of Okawaru.
 10137 | D:9      | Found a staircase to the Orcish Mines.
 10698 | D:9      | Found the +7 mace of Variability {chain chaos}
 10699 | D:9      | Found a shimmering altar of Xom.
 10829 | D:9      | Reached skill level 10 in Long Blades
 10957 | D:9      | Found a runed translucent door.
 10960 | D:9      | Noticed Zdeegee's ghost (novice OgFE)
 10961 | D:9      | Identified the +12 trident of the Median {drain, rF+ Str+5}
 11072 | D:10     | Entered Level 10 of the Dungeon
 11072 | D:10     | Noticed Sonja
 11085 | D:10     | Killed Sonja
 11086 | D:10     | Reached skill level 1 in Maces & Flails
 11117 | D:10     | Found Toplec's Jewellery Shoppe.
 11131 | D:10     | Noticed Erolcha
 11239 | D:10     | Noticed Psyche
 11245 | D:10     | HP: 1/62 [spectral weapon/+3 spectral giant club[Erolcha]
                  | (21)]
 11245 | D:10     | Slain by an ice beast

Illustrated notes

Levels and vault maps discovered:
D:1:      giann_horns, layout_rooms
D:2:      layout_basic, nicolae_ru_great_annihilating_truth, st_stairs_14,
          minmay_joined_circles, uniq_terence
D:3:      layout_loops_ring, kennysheep_boxes
D:4:      layout_gridville, minmay_temple_entry_statues_fountains,
          kennysheep_decorative_pillar
D:5:      minmay_inner_zag, layout_gridville, nicolae_overflow_hidden_temple,
          serial_shops, shop, minmay_bent
D:6:      layout_loops_cross
D:7:      layout_loops_ring, enter_ossuary_3, serial_shops, shop,
          grunt_decor_fettered
D:8:      layout_rooms, lemuel_doored_altar, grunt_lair_entry_orc_guard_hut,
          minmay_manual_mess
D:9:      kennysheep_blocky_room, layout_irregular_city,
          lemuel_coloured_pillars_altar,
          chequers_temple_overflow_statue_of_worship, orc_0_dummy,
          ebering_ghost_funeral_grove, minmay_guarded_unrand_variability
D:10:     layout_big_octagon, serial_shops, shop,
          minmay_guarded_unrand_vampires_tooth, uniq_psyche, uniq_erolcha,
          uniq_sonja
Temple:   lightli_temple_of_artemis
Lair:1:   layout_cave_pods, lemuel_fruit_tree, grunt_megastairs_1

Skill      XL: |  1  2  3  4  5  6  7  8  9 10 11 |
---------------+----------------------------------+-----
Fighting       | 3 4 5 7 8 9 |  9.0
Shields        | 3 4 5 6 7 |  7.4
Long Blades    | 2 3 4 6 7 9 10 | 10.0
Armour         | 3 4 5 6 |  6.9
Throwing       | 1 2 |  2.2
Dodging        | 1 |  1.8
Stealth        | 1 3 |  3.9
Maces & Flails | 1 |  1.6
Axes           | |  0.5
Polearms       | |  0.4
Slings         | |  0.1

Action                   |  1- 3 |  4- 6 |  7- 9 | 10-12 || total
-------------------------+-------+-------+-------+-------++-------
Melee: Long sword        |    66 |   200 |   306 |   355 ||   927
       Bite              |    36 |    66 |   112 |   186 ||   400
       Spear             |    69 |       |       |       ||    69
       Dagger            |       |       |       |    13 ||    13
       Great mace        |       |       |       |    14 ||    14
       War axe           |       |       |       |     6 ||     6
 Fire: Hunting sling     |       |       |     2 |       ||     2
Throw: Stone             |     3 |     1 |       |     2 ||     6
       Dart              |       |     2 |    14 |    28 ||    44
       Boomerang         |       |       |       |     7 ||     7
Invok: Stomp             |       |       |     2 |     3 ||     5
Evoke: Wand              |       |       |     2 |     1 ||     3
  Use: Scroll            |     5 |     5 |    12 |     2 ||    24
       Potion            |       |     1 |     7 |     3 ||    11
 Stab: Paralysed         |       |     1 |     6 |    12 ||    19
       Invisible         |       |       |       |     2 ||     2
Armor: Scale mail        |    65 |       |       |       ||    65
       Chain mail        |    45 |    92 |   122 |   132 ||   391
Dodge: Dodged            |    50 |    33 |    64 |    90 ||   237
Block: Kite shield       |   110 |    92 |   155 |   180 ||   537
       Rpst.: Long sword |     3 |    12 |    19 |    30 ||    64
